 Dungeon Crawl Stone Soup version 0.23.0 (webtiles) character file.

Game seed: 15100807895882862091

9944 kneesock the Nimble (level 11, -2/85 HPs)
             Began as an Octopode Chaos Knight on Feb 16, 2019.
             Was an Elder of Makhleb.
             Slain by an unseen horror (7 damage)
             ... on level 11 of the Dungeon.
             The game lasted 00:30:41 (12051 turns).

kneesock the Nimble (Octopode Chaos Knight)        Turns: 12051, Time: 00:30:42

Health: -2/85      AC:  1    Str: 18      XL:     11   Next: 54%
Magic:  17/17      EV: 23    Int: 15      God:    Makhleb [****..]
Gold:   621        SH:  4    Dex: 15 (16) Spells: 14/18 levels left

rFire    . . .     SeeInvis .   v - +1 flail (protect)
rCold    + . .     Gourm    .   (no shield)
rNeg     . . .     Faith    .   (helmet restricted)
rPois    .         Spirit   .   r - amulet of regeneration
rElec    +         Reflect  .   e - +6 ring of strength
rCorr    .         Harm     .   n - ring of protection from cold
MR       .....     Clarity  +   (no ring)
Stlth    ++++......             (no ring)
HPRegen  0.64/turn              (no ring)
MPRegen  0.15/turn              (no ring)
                                (no ring)
                                (no ring)

@: very slightly contaminated
A: almost no armour, stealthy swim, amphibious, 8 rings, constrict 8, repulsion
field 1, large bone plates 1, camouflage 1, agile 1, clarity, robust 1,
electricity resistance, wild magic 2, gelatinous body 1, evolution 1
a: Minor Destruction, Lesser Servant of Makhleb, Major Destruction, Renounce
Religion


You were on level 11 of the Dungeon.
You worshipped Makhleb.
Makhleb was greatly pleased with you.
You were not hungry.

You visited 2 branches of the dungeon, and saw 12 of its levels.

You collected 621 gold pieces.

Inventory:

Hand Weapons
 p - a cursed +0 blowgun
 q - a +2 dagger of venom
 v - a +1 flail of protection (weapon)
 E - a +0 war axe
 F - a +0 morningstar
 K - a +1 long sword of holy wrath
 O - a +0 scimitar
Missiles
 d - 325 stones
 o - 6 poisoned needles
 L - 3 throwing nets (quivered) {!f}
Magical Staves
 y - an uncursed staff of earth {unknown}
Jewellery
 e - a +6 ring of strength (left tentacle)
 n - a ring of protection from cold (right tentacle)
 r - an amulet of regeneration (around mantle)
 D - an uncursed amulet of rage
 P - an uncursed ring of protection from magic {unknown}
Wands
 h - a wand of iceblast (5)
 C - a wand of enslavement (7)
 I - a wand of polymorph (4)
Scrolls
 g - a scroll of random uselessness {unknown}
 m - a scroll of remove curse {@r2}
 s - a scroll of noise {unknown}
 t - a scroll of enchant armour {unknown}
 x - a scroll of fear {unknown}
 H - a scroll of fog {unknown}
 M - a scroll of magic mapping
Potions
 a - a potion of heal wounds {unknown}
 c - 4 potions of brilliance
 f - 2 potions of lignification {unknown}
 i - 6 potions of flight
 j - a potion of haste
 k - 3 potions of cancellation {unknown}
 l - 6 potions of curing {@q1}
 u - a potion of degeneration {unknown}
 w - 2 potions of mutation {unknown}
 z - 2 potions of berserk rage {unknown}
 A - a potion of magic {unknown}
 B - 3 potions of resistance {unknown}
 J - a potion of invisibility {unknown}
Comestibles
 b - 19 rations
 N - 2 chunks of flesh


   Skills:
 + Level 8.5 Fighting
 - Level 3.8 Short Blades
 * Level 7.0 Maces & Flails
   Level 3.9 Polearms
 + Level 11.1 Dodging
 - Level 6.0 Stealth
 - Level 4.0 Spellcasting
 - Level 2.0 Hexes
 - Level 2.0 Necromancy
 - Level 3.0 Invocations
 - Level 2.0 Evocations


You had 14 spell levels left.
You knew the following spells:

 Your Spells              Type           Power        Failure   Level  Hunger
a - Animate Skeleton      Necr           N/A          17%         1    None
b - Apportation           Tloc           #.....       34%         1    None
c - Confusing Touch       Hex            ##....       17%         1    None
d - Summon Small Mammal   Summ           #...         34%         1    None

Your spell library contained the following spells:

 Spells                   Type           Power        Failure   Level  Hunger


Dungeon Overview and Level Annotations

Branches:
Dungeon (11/15)            Temple (1/1) D:5            Lair (0/6) D:9
    Orc: D:9-12

Altars:
Ashenzari
Cheibriados
Dithmenos
Elyvilon
Fedhas
Gozag
Hepliaklqana
Kikubaaqudgha
Makhleb
Nemelex Xobeh
Okawaru
Qazlal
Ru
Sif Muna
Trog
Uskayaw
Vehumet
Wu Jian
Xom
Yredelemnul
Zin
The Shining One

Annotations:
D:7 2 transporters, exclusion: two-headed ogre, endorz's ghost, novice GrFi


Innate Abilities, Weirdness & Mutations

You cannot wear most types of armour.
You are very stealthy in the water. (Stealth+)
You are amphibious.
You can wear up to eight rings at the same time.
You can use your tentacles to constrict eight enemies at once.
Your skin changes colour to match your surroundings (Stealth+).
Your rubbery body absorbs attacks. (AC +1, EV +1)
You are surrounded by a mild repulsion field. (EV +2)
You are partially covered in large bone plates. (SH +4)
You are agile. (Dex +2)
You possess an exceptional clarity of mind.
You are robust. (+10% HP)
You are resistant to electric shocks. (rElec)
Your spells are harder to cast, but more powerful.
You evolve.


Message History

* * * LOW HITPOINT WARNING * * *
Something hits you!
* * * LOW HITPOINT WARNING * * *
You feel better. Something hits you!
* * * LOW HITPOINT WARNING * * *
Something barely misses you.
Okay, then.
Put on which piece of jewellery? (? for menu, Esc to quit)
Okay, then.
You already know all available spells.
Unknown command.
Okay, then.
Okay, then.
Okay, then.
Blink to where?
You are very lightly contaminated with residual magic.
As you read the scroll of blinking, it crumbles to dust.
Something closely misses you. Something completely misses you.
Something hits you!
You die...

###.##.##.....
......
#.##.##§....
.....#
#..#.##3....
.....#
##.#.##5.[.. ....#
#...##.)... ..#.#
##..##..... #.#.#
#..>.......
#.#.####.#.#......
#@#........#.#.###
#..§.......#.#.#
#.#####....#.#.#
#.# #.((.#.#...
#.# #........#
#.#####.(#...^...
#........#.###.##
#######.##.. ..
..##### #


There were no monsters in sight!

Vanquished Creatures
  Harold (D:9)
  A centaur warrior (D:10)
  A hippogriff (D:11)
  A wraith (D:11)
  A wyvern (D:10)
  5 yaks (D:10)
  3 basilisks
  A water moccasin (D:9)
  5 porcupines
  4 ice beasts
  An eye of draining (D:10)
  2 orc warriors (D:8)
  5 sky beasts
  3 black bears
  6 ogres
  2 necrophages
  5 centaurs
  3 wolves
  2 phantoms
  A bullfrog (D:8)
  A water moccasin zombie (D:10)
  4 scorpions
  6 howler monkeys
  A quasit (D:11)
  5 crimson imps
  A hound (D:4)
  8 jellies
  4 gnoll shamans
  4 orc priests
  2 centaur skeletons
  2 bullfrog skeletons
  5 orc wizards
  3 iguanas
  9 worker ants
  A hound zombie (D:5)
  2 hound skeletons
  A worker ant zombie (D:9)
  A howler monkey skeleton (D:4)
  2 howler monkey zombies
  12 adders
  19 gnolls
  5 oozes (D:10)
  2 adder zombies
  A worm (D:4)
  3 dart slugs
  5 leopard geckos
  20 orcs
  4 bats
  7 giant cockroaches
  9 goblins
  6 hobgoblins
  15 jackals
  11 kobolds
  7 quokkas
  5 frilled lizards (D:1)
  A jackal skeleton (D:5)
  2 quokka skeletons
  4 rats
253 creatures vanquished.

Vanquished Creatures (collateral kills)
  A two-headed ogre (D:9)
  An ugly thing (D:11)
  A cyclops (D:11)
  A hungry ghost (D:7)
  A black bear (D:9)
  A bullfrog (D:6)
  A crimson imp (D:6)
  A hound (D:6)
  A centaur skeleton (D:11)
  2 gnolls (D:7)
  2 adders
  A shadow imp (D:6)
  6 orcs
20 creatures vanquished.

Vanquished Creatures (others)
  4 fungi (D:9)
  7 plants (D:9)
11 creatures vanquished.

Grand Total: 284 creatures vanquished

Notes
Turn   | Place    | Note
-------+----------+-------------------------------------------
     0 | D:1      | kneesock the Octopode Chaos Knight began the quest for the
                  | Orb.
     0 | D:1      | Reached XP level 1. HP: 16/16 MP: 1/1
   142 | D:1      | XOM: cloud trail
   233 | D:1      | XOM: harmless Hex miscast
   261 | D:1      | Reached XP level 2. HP: 21/21 MP: 2/2
   293 | D:1      | Reached skill level 1 in Stealth
   479 | D:1      | Reached XP level 3. HP: 26/26 MP: 3/3
   565 | D:1      | XOM: divination: detect items
   992 | D:2      | XOM: noise
  1035 | D:2      | Reached skill level 3 in Dodging
  1057 | D:2      | Reached XP level 4. HP: 31/31 MP: 4/4
  1188 | D:2      | XOM: harmless Tloc miscast
  1693 | D:2      | XOM: 5-stop teleportation journey
  1803 | D:2      | XOM: summons 2 hostile demons
  2580 | D:3      | Reached XP level 5. HP: 35/36 MP: 5/5
  3178 | D:3      | XOM: confusion (+ monsters)
  3185 | D:3      | XOM: divination: detect items
  3545 | D:3      | XOM: medium Summ miscast
  3546 | D:3      | Noticed a spatial vortex
  3546 | D:3      | Noticed a spatial vortex
  3632 | D:4      | Reached skill level 1 in Short Blades
  3659 | D:4      | Reached skill level 4 in Dodging
  3729 | D:4      | XOM: harmless Chrm miscast
  3734 | D:4      | Noticed an ogre
  3737 | D:4      | XOM: butterfly on damage
  3759 | D:3      | Reached XP level 6. HP: 22/43 MP: 6/6
  4052 | D:4      | XOM: confuse monster(s)
  4094 | D:4      | XOM: chaos upgrade
  4106 | D:4      | Reached XP level 7. HP: 46/48 MP: 7/7
  4144 | D:4      | XOM: harmless Tmut miscast
  4146 | D:4      | XOM: swap monsters
  4347 | D:4      | XOM: butterfly on damage
  4352 | D:4      | Reached skill level 5 in Dodging
  4683 | D:5      | Entered Level 5 of the Dungeon
  4689 | D:5      | Found a staircase to the Ecumenical Temple.
  4697 | Temple   | Entered the Ecumenical Temple
  4703 | Temple   | Fell from the grace of Xom
  4703 | Temple   | Became a worshipper of Makhleb the Destroyer
  5077 | D:5      | Reached skill level 5 in Stealth
  5077 | D:5      | Reached XP level 8. HP: 45/54 MP: 8/8
  5143 | D:5      | Learned a level 1 spell: Animate Skeleton
  5145 | D:5      | Learned a level 1 spell: Apportation
  5147 | D:5      | Learned a level 1 spell: Confusing Touch
  5149 | D:5      | Learned a level 1 spell: Summon Small Mammal
  5339 | D:5      | Found a basalt altar of Yredelemnul.
  5340 | D:5      | Found an opulent altar of Gozag.
  5340 | D:5      | Found a radiant altar of Vehumet.
  5342 | D:5      | Reached skill level 1 in Maces & Flails
  5343 | D:5      | Found an iron altar of Okawaru.
  5414 | D:5      | Reached * piety under Makhleb
  5495 | D:5      | Reached skill level 1 in Hexes
  5508 | D:5      | XOM: torment (21/54 hp)
  6077 | D:6      | Reached skill level 1 in Necromancy
  6340 | D:6      | XOM: give mutations
  6340 | D:6      | Gained mutation: You are resistant to electric shocks.
                  | (rElec) [Xom's grace]
  6340 | D:6      | Gained mutation: Your spells are a little harder to cast,
                  | but a little more powerful. [Xom's grace]
  6340 | D:6      | Gained mutation: You are surrounded by a mild repulsion
                  | field. (EV +2) [Xom's grace]
  6340 | D:6      | Gained mutation: You possess an exceptional clarity of
                  | mind. [Xom's grace]
  6394 | D:6      | XOM: severe Tmut miscast
  6402 | D:6      | Reached skill level 6 in Dodging
  6532 | D:6      | Found an iron altar of Okawaru.
  6727 | D:6      | XOM: give mutations
  6727 | D:6      | Gained mutation: You evolve. [Xom's grace]
  6727 | D:6      | Gained mutation: You are partially covered in large bone
                  | plates. (SH +4) [Xom's grace]
  6728 | D:6      | Found an ancient bone altar of Kikubaaqudgha.
  6901 | D:7      | Found a transporter.
  6902 | D:7      | Found a transporter.
  6960 | D:7      | Noticed endorz's ghost (novice GrFi)
  6963 | D:7      | Noticed a moth of wrath
  6971 | D:7      | Found a bloodstained altar of Trog.
  7065 | D:7      | Reached skill level 5 in Fighting
  7065 | D:7      | Reached skill level 1 in Spellcasting
  7127 | D:7      | Reached ** piety under Makhleb
  7252 | D:7      | Reached XP level 9. HP: 43/61 MP: 9/11
  7513 | D:7      | Found a sacrificial altar of Ru.
  7591 | D:7      | Noticed a two-headed ogre
  7661 | D:7      | Identified the +7 spear of Qagety {drain, Fragile Str+4
                  | Int+3 Dex+4}
  7661 | D:7      | Noticed a tengu warrior
  7695 | D:8      | XOM: medium Tloc miscast
  7892 | D:7      | Reached skill level 7 in Dodging
  8135 | D:8      | XOM: medium Tmut miscast
  8237 | D:8      | Gained mutation: You are robust. (+10% HP) [evolution]
  8291 | D:8      | XOM: medium Erth miscast
  8350 | D:8      | XOM: 4-stop teleportation journey
  8435 | D:8      | Reached skill level 5 in Maces & Flails
  8571 | D:8      | XOM: medium Air miscast
  8908 | D:8      | XOM: noise
  8943 | D:8      | XOM: medium Pois miscast
  9001 | D:9      | Reached skill level 1 in Invocations
  9059 | D:9      | Reached skill level 1 in Evocations
  9086 | D:8      | Reached XP level 10. HP: 67/74 MP: 14/14
  9229 | D:9      | Found a staircase to the Lair.
  9232 | D:9      | Noticed a two-headed ogre
  9349 | D:8      | Gained mutation: You are agile. (Dex +2) [evolution]
  9420 | D:8      | Reached skill level 8 in Dodging
  9431 | D:8      | XOM: mild Pois miscast
  9575 | D:9      | Reached *** piety under Makhleb
  9726 | D:9      | Noticed Harold
  9736 | D:10     | Entered Level 10 of the Dungeon
  9883 | D:10     | Reached skill level 9 in Dodging
  9900 | D:10     | XOM: mild Necr miscast
 10016 | D:10     | Noticed a centaur warrior
 10025 | D:10     | Killed a centaur warrior
 10152 | D:10     | XOM: harmless Conj miscast
 10162 | D:10     | Reached **** piety under Makhleb
 10338 | D:10     | Reached skill level 10 in Dodging
 10351 | D:10     | Reached XP level 11. HP: 82/82 MP: 17/17
 10386 | D:10     | XOM: silly message
 10615 | D:9      | Found a sparkling altar of Nemelex Xobeh.
 10631 | D:9      | XOM: harmless Erth miscast
 10663 | D:9      | Killed a two-headed ogre
 11573 | D:9      | Killed Harold
 11700 | D:9      | Gained mutation: Your spells are harder to cast, but more
                  | powerful. [evolution]
 11757 | D:11     | Reached skill level 11 in Dodging
 11822 | D:11     | Noticed a brown ugly thing
 11824 | D:11     | Noticed a brown ugly thing
 11838 | D:11     | Killed a purple ugly thing
 11875 | D:10     | XOM: medium Tmut miscast
 11967 | D:11     | Noticed a cyclops
 11986 | D:11     | Killed a cyclops
 12049 | D:11     | HP: 4/85 [something (10)]
 12051 | D:11     | Slain by an unseen horror

Skill      XL: |  1  2  3  4  5  6  7  8  9 10 11 |
---------------+----------------------------------+-----
Stealth        | 1 2 3 5 6 |  6.0
Dodging        | 3 4 5 6 7 10 11 | 11.1
Short Blades   | 1 2 3 |  3.8
Fighting       | 4 5 6 7 8 |  8.5
Maces & Flails | 3 5 6 7 |  7.0
Hexes          | 2 |  2.0
Necromancy     | 2 |  2.0
Spellcasting   | 1 3 4 |  4.0
Invocations    | 1 2 3 |  3.0
Evocations     | 1 2 |  2.0
Polearms       | |  3.9

Action                   |  1- 3 |  4- 6 |  7- 9 | 10-12 || total
-------------------------+-------+-------+-------+-------++-------
Melee: Spear             |    80 |    46 |       |       ||   126
       Constrict         |    14 |    29 |    57 |    43 ||   143
       Tentacles         |    11 |    24 |    74 |   105 ||   214
       Dagger            |       |    70 |   194 |    48 ||   312
       Flail             |       |       |   135 |   257 ||   392
       Unarmed           |       |       |     5 |       ||     5
Throw: Stone             |       |     1 |     5 |     3 ||     9
       Throwing net      |       |       |       |     1 ||     1
 Cast: Animate Skeleton  |       |       |     4 |     3 ||     7
       Confusing Touch   |       |       |     1 |       ||     1
Invok: Lesser Servant of |       |       |       |     4 ||     4
Evoke: Wand              |       |       |     6 |     8 ||    14
  Use: Scroll            |       |     2 |     7 |     5 ||    14
       Potion            |       |       |       |     2 ||     2
 Stab: Sleeping          |    14 |     5 |    18 |    12 ||    49
       Confused          |     1 |       |       |       ||     1
       Distracted        |       |     2 |     3 |     2 ||     7
       Held in net/web   |       |       |       |     4 ||     4
  Eat: Chunk             |       |    10 |    17 |     8 ||    35
       Ration            |       |       |       |     1 ||     1
Armor: Skin              |     1 |     5 |    23 |    36 ||    65
Dodge: Dodged            |    24 |    91 |   251 |   274 ||   640
Block: Other             |       |       |    39 |    63 ||   102
